← All builds
Geo sea / Legion / Economy first / OBSERVED BUILD

Standard geo sea

Baseline cove-side sea play: bot lab then shipyard in the cove around 3:06, first Syracusia by 5:04, geothermal on time around 7:42 and an Advanced Metal Extractor to build up eco, transitioning into more Syracusia and Argonaut over the…

Usually shipyard in the cove (95%) · geo on time (90%)

#naval #eco · 20 distinct matches · 10 players · 40% of Legion Geo sea games · team won 45% of 20 · Recently observed

HOW TO PLAY IT

Key timing: First Syracusia by 5:18

  1. Take 3 mex and open into wind while starting the bot lab.
  2. Rush the bot lab finish for early defense on the coast.
  3. Get the shipyard up to start frigate production.
  4. Push the first Syracusia frigate out for sea control.
  5. Layer geothermal and advanced mex, then keep feeding the Syracusia navy.

Phase by phase

TYPICAL OF ITS 20 GAMES · AGAINST STANDARD GEO SEA
  1. 1
  2. 2
  3. 3
  4. 4
PLAY THE OPENING

Follow the example game's first 6:00 step by step: what to build now, what comes next, and where it goes. At 1× it keeps pace with your own game.

  1. 1

    Up to the Legion Bot Lab

    Economy
    • Metal Extractor3Mex
    Order
    1. Legion Bot LabLegion Bot Lab after 3 mexdone ~1:07, middle half 1:04–1:13

    Some games also: wind (50%) · solar (45%) · wind for allies (30%)

    The standard build makes here, this one skips: 3 wind

    By 0:50 in all: 3 mex

    The example game in this phase · 2 steps
    1. Mex ×3
    2. Legion Bot LabLegion Bot Labdone 0:48 · typical 1:07
  2. 2

    Legion Bot Lab to Shipyard

    Economy
    • Metal Extractor1Mex
    Order
    1. ShipyardShipyard after 4 mex, 4 wind, 1 solardone ~3:06, middle half 2:36–3:52
    Builders
    • Zagreus3 Zagreus
    • Legion Construction Bot3 Legion Construction Bot

    Some games also: wind (50%) · con turret (40%) · Goblin (35%) · energy storage (30%) · Toxotai (30%)

    The standard build makes here, this one skips: 3 wind · 2 Toxotai

    By 2:38 in all: 4 mex · 4 wind · 1 solar

    The example game in this phase · 16 steps
    1. ZagreusZagreus
    2. Wind ×2for Air
    3. Legion Construction BotLegion Construction Bot ×2
    4. Wind ×2
    5. Legion Construction BotLegion Construction Bot
    6. Wind
    7. Mex
    8. Wind
    9. ZagreusZagreus
    10. Con turret
    11. ZagreusZagreus
    12. ToxotaiToxotai
    13. GoblinGoblin
    14. Mex
    15. GoblinGoblin
    16. ShipyardShipyarddone 3:07 · typical 3:06
  3. 3

    Shipyard to 5:00

    Economy
    • Metal Extractor4Mex
    • Wind Turbine2Wind
    Builders
    • Construction Ship1 Con ship
    Army
    • Pharos1 Pharos
    • Argonaut2 Argonaut
    • Syracusia1 Syracusia

    Some games also: converter (50%) · con turret (45%) · Radar Tower (45%) · Legion Drone (40%) · Hippocampus (40%)

    The standard build makes here, this one skips: 2 converter · 2 Radar Tower

    By 5:00 in all: 8 mex · 4 wind (standard 9) · 1 solar · 1 energy storage · 1 con turret

    The example game in this phase · 13 steps
    1. Mex
    2. Construction ShipCon ship
    3. KeteaSubmarine
    4. Overcharged Metal Extractor
    5. ArgonautArgonaut
    6. Radar TowerRadar Tower
    7. Mex
    8. SyracusiaSyracusiadone 5:00 · typical 5:06
    9. Wind
    10. Converter
    11. Mex
    12. Wind
    13. Converter
  4. 4

    5:00 to 10:00

    Economy
    • Metal Extractor1Mex−2 vs standard
    • Wind Turbine15Wind+4 vs standard
    • Energy Converter3Converter+3 vs standard
    • Energy Storage1Energy storage
    Order
    1. Geothermal PowerplantGeo after 9 mex, 10 wind, 3 converter
    Builders
    • Construction Turret2 Con turret
    • Dionysus1 Dionysus
    Army
    • Pharos1 Pharos −3 vs standard
    • Legion Drone10 Legion Drone

    Some games also: con ship (45%) · Stheno (30%) · Hippocampus (30%)

    The standard build makes here, this one skips: 2 Bramble

    By 10:00 in all: 9 mex · 19 wind · 1 solar · 1 geo · 5 converter · 1 energy storage

    The example game in this phase · 145 steps
    1. Legion DroneLegion Drone
    2. ArgonautArgonaut
    3. Converter
    4. Wind
    5. Naval Radar / Sonar TowerNaval Radar / Sonar Tower
    6. Converter
    7. Legion DroneLegion Drone
    8. Wind
    9. Overcharged Metal Extractor
    10. ArgonautArgonaut
    11. Wind ×3
    12. DionysusDionysus
    13. Wind ×2
    14. IapetusIapetus
    15. Wind ×2
    16. Overcharged Metal Extractor
    17. Naval Radar / Sonar TowerNaval Radar / Sonar Tower
    18. Wind ×2
    19. SyracusiaSyracusia
    20. Wind ×3
    21. Advanced Metal ExtractorT2 mexdone 8:46
    22. Energy storage
    23. Wind
    24. Legion DroneLegion Drone
    25. ArgonautArgonaut
    26. Wind
    27. Legion DroneLegion Drone
    28. Overcharged Metal Extractor
    29. Wind
    30. IapetusIapetus
    31. Wind
    32. Mex
    33. Mex
    34. Legion DroneLegion Drone
    35. Advanced Metal ExtractorT2 mex
    36. Wind
    37. Mex
    38. PharosPharos
    39. Wind
    40. Legion DroneLegion Drone ×2
    41. Radar TowerRadar Tower
    42. Wind
    43. KeteaSubmarine
    44. Geothermal PowerplantGeodone 12:42 · typical 7:51
    45. Wind
    46. NettleNettle
    47. Wind ×3
    48. SyracusiaSyracusia
    49. Wind
    50. NettleNettle
    51. Legion DroneLegion Drone
    52. Wind
    53. Legion DroneLegion Drone
    54. NettleNettle
    55. Legion DroneLegion Drone
    56. DionysusDionysus
    57. Wind
    58. Legion DroneLegion Drone
    59. SyracusiaSyracusia
    60. Advanced Metal ExtractorT2 mex
    61. Con turret
    62. Wind
    63. Construction ShipCon ship ×2
    64. Wind
    65. Tidal
    66. Construction ShipCon ship ×2
    67. Legion Vehicle PlantLegion Vehicle Plantdone 12:31
    68. Construction ShipCon ship
    69. Mex
    70. WheelieWheelie
    71. Wind
    72. WheelieWheelie
    73. Construction ShipCon ship
    74. WheelieWheelie
    75. Legion DroneLegion Drone
    76. WheelieWheelie
    77. Construction ShipCon ship
    78. BrambleBramble
    79. WheelieWheelie ×2
    80. Construction ShipCon ship
    81. WheelieWheelie ×2
    82. Construction ShipCon ship
    83. WheelieWheelie
    84. Advanced Metal ExtractorT2 mex
    85. Legion DroneLegion Drone
    86. Mex
    87. WheelieWheelie
    88. Wind
    89. Tidal
    90. WheelieWheelie
    91. Construction ShipCon ship
    92. WheelieWheelie
    93. Tidal
    94. WheelieWheelie
    95. Construction ShipCon ship
    96. WheelieWheelie
    97. Converter
    98. WheelieWheelie
    99. Construction ShipCon ship
    100. Tidal
    101. AlarisAlaris
    102. Construction ShipCon ship
    103. AlarisAlaris
    104. Tidal
    105. Construction ShipCon ship
    106. AlarisAlaris
    107. Naval Radar / Sonar TowerNaval Radar / Sonar Tower
    108. AlarisAlaris
    109. Naval Construction Turret
    110. Wind
    111. AlarisAlaris
    112. Naval Construction Turret
    113. Mex
    114. AlarisAlaris
    115. Naval Construction Turret
    116. Converter
    117. AlarisAlaris ×6
    118. Wind
    119. AlarisAlaris ×5
    120. Naval Energy Converter
    121. AlarisAlaris ×2
    122. Advanced ShipyardAdvanced Shipyarddone 14:31
    123. Converter
    124. AlarisAlaris
    125. Naval Energy Converter
    126. Advanced Metal ExtractorT2 mex
    127. AlarisAlaris
    128. Wind
    129. Naval Energy Converter
    130. AlarisAlaris
    131. Naval Energy Converter
    132. AlarisAlaris ×2
    133. Legion DroneLegion Drone
    134. AlarisAlaris
    135. ScyllaScyllanot finished by 15:00
    136. Legion DroneLegion Drone
    137. Naval Energy Converter
    138. AlarisAlaris ×3
    139. UltorUltornot finished by 15:00
    140. Naval Energy Converter
    141. Legion DroneLegion Drone
    142. AlarisAlaris ×2
    143. Converter
    144. Legion DroneLegion Drone
    145. Wind

Counts are medians over the build's games: half of them build more, half fewer. The example game is Tregan's (37 OS, 07/08/2026); pick another.

Team trades

IN AT LEAST 30% OF ITS GAMES

You hand over

  • Wind Turbine2 Wind to Airfirst at 1:38 · in 60% of games

You get

  • Finch1 Finch from Airfirst at 1:47 · in 45% of games
  • Hercules1 Light transport from Airfirst at 2:10 · in 30% of games
  • Advanced Construction Bot1 T2 con bot from Techfirst at 7:32 · in 70% of games

How it plays out

Typical game of this build, running totals by minute

Metal produced

010k20k30k
0:005:0010:0015:00

metal

Enemy metal destroyed

05k10k
0:005:0010:0015:00

metal

Own metal lost

02k4k
0:005:0010:0015:00

metal

20 games.

Show as table
ByMetal produced: This buildEnemy metal destroyed: This buildOwn metal lost: This build
1:0039700
2:0092800
3:00162100
4:0028335251
5:00399518362
6:005325565124
7:006791603176
8:0082851412345
9:00102131702419
10:00122262348918
11:001452333851656
12:001734337762213
13:002005253902343
14:002349770313351
15:002767597993665
WHAT THE NUMBERS SAY

Standard geo sea sits near an even split on wins while destroying more metal than it loses by 15:00, typical for a contested sea role.

  • + Enemy metal destroyed reaches 7775 by 15:00 against 4863 lost.
  • + Syracusia dominates army composition at 43%, showing a clear naval focus.
  • − Team win rate is only 47%, essentially a coin flip.
  • − T2 factory only completes in 32% of games, so tech transition often stalls.
THE EXAMPLE YOU ARE READING

Tregan

36.6 OS · 07/08/2026

Open source match ↗

5 received units · includes a constructor
229 metal received · 50172 energy received

Allied construction assistance is unknown. Timings are observations, not a promise of solo reproducibility.

Typical milestones

Legion Bot Lab1:07Middle 50%: 1:04–1:13 · n=20
Shipyard3:06Middle 50%: 2:36–3:52 · n=20
Syracusia5:06Middle 50%: 4:36–5:55 · n=20
Geothermal Powerplant7:51Middle 50%: 6:58–10:12 · n=20
Advanced Metal Extractor9:11Middle 50%: 8:42–9:28 · n=13

Played most by

KingBenjai8games of this buildHighlyRegarded2games of this buildPRO_Rerory2games of this buildRysica2games of this buildarmjanus1game of this build